[Event "Early-Titled-Tuesday-Blitz-March-19-2024"]
[Site "Chess.com"]
[Date "2024.03.19"]
[Round "1"]
[White "Arteler"]
[Black "Hongjin"]
[Result "0-1"]
[WhiteElo "2388"]
[BlackElo "2725"]
[TimeControl "180+1"]
[EndTime "8:06:42 PDT"]
[Termination "Hongjin won by checkmate"]

1. Nf3 d5 2. c4 e6 3. Nc3 Nf6 4. d4 Be7 5. Bg5 O-O 6. cxd5 exd5 7. e3 c6 8. Bd3 Nbd7 9. h3 Re8 10. O-O h6 11.
Bh4 a5 12. a4 Ne4 13. Bxe7 Qxe7 14. Bxe4 dxe4 15. Nd2 Nf6 16. Qc2 Bf5 17. Rac1 Qe6 18. Qb3 Qd7 19. Nc4 Bxh3 20. gxh3 Qxh3 21. f3 exf3 22. Kf2 Ng4+ 23. Ke1 Nxe3 24. Nxe3 Rxe3+ 25. Kd2 Rae8 26. Kc2 Qf5+ 27. Kd1 Qd3# 0-1

[Event "Early-Titled-Tuesday-Blitz-March-19-2024"]
[Site "Chess.com"]
[Date "2024.03.19"]
[Round "1"]
[White "Antipov_Mikhail_Al"]
[Black "amanjazu"]
[Result "1-0"]
[WhiteElo "2925"]
[BlackElo "2523"]
[TimeControl "180+1"]
[EndTime "8:06:43 PDT"]
[Termination "Antipov_Mikhail_Al won by resignation"]

1. e4 Nf6 2. e5 Nd5 3. c4 Nb6 4. a4 d6 5. a5 N6d7 6. exd6 cxd6 7. d4 g6 8. Nf3 Bg7 9. Be2 O-O 10. O-O Nc6 11. Qd2 e5 12. dxe5 Ndxe5 13. Ra3 Be6 14. b3 d5 15. Ng5 Nd4 16. Nxe6 fxe6 17.
Rd1 Nec6 18. Bf1 Qf6 19. cxd5 exd5 20. b4 a6 21. Rd3 Rad8 22. Kh1 Rd7 23. f4 Rfd8 24. Bb2 Qf8 25. Bxd4 Nxd4 26. Rxd4 Bxd4 27. Qxd4 Re8 28. Nc3 Qf7 29. Nxd5 Red8 30. Bc4 Kf8 31. Qh8+ Qg8 32. Qxg8+ 1-0

[Event "Early-Titled-Tuesday-Blitz-March-19-2024"]
[Site "Chess.com"]
[Date "2024.03.19"]
[Round "1"]
[White "Christ_is_alive"]
[Black "JonaszBaum"]
[Result "0-1"]
[WhiteElo "2405"]
[BlackElo "2743"]
[TimeControl "180+1"]
[EndTime "8:06:46 PDT"]
[Termination "JonaszBaum won on time"]

1. e4 c5 2. Nf3 Nc6 3. d4 cxd4 4.
Nxd4 e5 5. Nb5 a6 6. Nd6+ Bxd6 7. Qxd6 Qf6 8. Qxf6 Nxf6 9. Nc3 Nb4 10. Kd2 d6 11. a3 Nc6 12. Bc4 Be6 13. Ba2 Nd4 14. f3 Rc8 15. Kd1 Bxa2 16. Rxa2 O-O 17. Be3 Ne6 18. Ke2 Rfd8 19. Rd1 Kf8 20. Rd2 Ke7 21. Ra1 h5 22.
Rad1 Rc4 23. h4 b5 24. g3 b4 25. axb4 Rxb4 26. b3 Rc8 27. Na2 Rb7 28. Nc1 Rbc7 29. c4 Ne8 30. Ra2 Rc6 31. Nd3 Rb8 32. Rb1 N8c7 33.
Ra4 f6 34. Nb4 Rxb4 35. Rxb4 Nc5 0-1

[Event "Early-Titled-Tuesday-Blitz-March-19-2024"]
[Site "Chess.com"]
[Date "2024.03.19"]
[Round "1"]
[White "geminithegreat"]
[Black "NovozhilovSemen"]
[Result "0-1"]
[WhiteElo "2231"]
[BlackElo "2621"]
[TimeControl "180+1"]
[EndTime "8:06:46 PDT"]
[Termination "NovozhilovSemen won by resignation"]

1. d4 Nf6 2. Nf3 e6 3. g3 c5 4. Bg2 Nc6 5. O-O d5 6. c4 dxc4 7. Na3 cxd4 8. Nxc4 Bc5 9. a3 a5 10. Qa4 O-O 11. b4 Ba7 12. b5 Nb8 13. Rd1 Nbd7 14.
Nxd4 Qe7 15. Bb2 Nc5 16. Qc2 e5 17. Nf5 Qe6 18. Nfd6 e4 19. Nxc8 Raxc8 20. Rd6 Qf5 21. Bxf6 gxf6 22. Rad1 Ne6 23. Bxe4 Qxf2+ 24. Kh1 Qc5 25.
b6 Bb8 26. Bxh7+ Kg7 27. Rxe6 Qxc4 28. Qf5 Qxe6 29. Qh5 Rh8 30. Rd4 Rxh7 31. Rg4+ Kh8 0-1

[Event "Early-Titled-Tuesday-Blitz-March-19-2024"]
[Site "Chess.com"]
[Date "2024.03.19"]
[Round "1"]
[White "GodzillaChessYoutube"]
[Black "KnightmareJoker"]
[Result "1-0"]
[WhiteElo "2651"]
[BlackElo "2286"]
[TimeControl "180+1"]
[EndTime "8:06:47 PDT"]
[Termination "GodzillaChessYoutube won by resignation"]

1. c4 e6 2. e3 d5 3. Nc3 Nf6 4. Nf3 Be7 5. b3 c5 6. cxd5 Nxd5 7.
Bb2 O-O 8. Be2 Nc6 9. O-O Bf6 10. Rc1 b6 11. Ba1 Bb7 12. Ne4 Bxa1 13. Rxa1 Nf6 14.
Ng3 Ne7 15. Qc2 Ng6 16. Rfd1 Rc8 17. Qb2 Qe7 18. a3 Rfd8 19. b4 c4 20. b5 Nd5 21.
Rdc1 Qc5 22. Rxc4 Qd6 23. Rac1 Rxc4 24. Bxc4 Nf6 25. Nd4 e5 26. Nc6 Bxc6 27. bxc6 Kf8 28. Ba6 Nd5 29. Nf5 Qe6 30. e4 Nc7 31. Qb4+ Kg8 32.
Bc4 Qf6 33. g3 h5 34. Be2 h4 35. Bh5 hxg3 36. hxg3 Kh7 37. Bxg6+ fxg6 38. Ne3 Qd6 39. Qxd6 Rxd6 40. Nd5 Nxd5 41. exd5 Rd8 42. c7 1-0

[Event "Early-Titled-Tuesday-Blitz-March-19-2024"]
[Site "Chess.com"]
[Date "2024.03.19"]
[Round "1"]
[White "Matols"]
[Black "jk13"]
[Result "0-1"]
[WhiteElo "2349"]
[BlackElo "2700"]
[TimeControl "180+1"]
[EndTime "8:06:48 PDT"]
[Termination "jk13 won on time"]

1. d4 Nf6 2. c4 e6 3. g3 Bb4+ 4. Bd2 Bxd2+ 5. Qxd2 O-O 6. Bg2 d5 7. Nf3 c6 8. O-O Nbd7 9. Nc3 b6 10. cxd5 cxd5 11.
Rac1 Ba6 12. Rfe1 Qe7 13. Ne5 Rac8 14. e4 dxe4 15. Nxe4 Nxe4 16. Bxe4 Nf6 17. Bg2 Bb7 18. Nc6 Bxc6 19. Rxc6 Rxc6 20. Bxc6 Qd6 21. Bg2 Rd8 22. Rd1 g6 23. h3 h5 24. Qg5 Kg7 25. Bf3 Qb4 26.
Qe5 Qxb2 27. g4 hxg4 28. hxg4 Qa3 29. Kg2 Qd6 30. Qg5 Rh8 31. Qe5 Rd8 32. Qg5 Nh7 33. Qe3 Qe7 34. Rh1 Ng5 35. Be2 Rh8 0-1

[Event "Early-Titled-Tuesday-Blitz-March-19-2024"]
[Site "Chess.com"]
[Date "2024.03.19"]
[Round "1"]
[White "Danny_Billiards"]
[Black "amylazy"]
[Result "1-0"]
[WhiteElo "2773"]
[BlackElo "2420"]
[TimeControl "180+1"]
[EndTime "8:06:49 PDT"]
[Termination "Danny_Billiards won by checkmate"]

1. d4 Nf6 2. Nc3 d5 3. Bf4 c6 4. e3 Bf5 5. f3 Qb6 6. g4 Bg6 7. Rb1 Nbd7 8. h4 h6 9. Bd3 Bxd3 10. Qxd3 e6 11. Nge2 Be7 12. Kf2 O-O-O 13. b4 g5 14.
Bg3 gxh4 15. Bxh4 e5 16. dxe5 Nxe5 17. Qf5+ Ned7 18. b5 Rhe8 19. bxc6 Qxc6 20. Nb5 Bc5 21. Ned4 Qa6 22. Bg3 Ne4+ 23. fxe4 Rxe4 24. Qxd5 Rde8 25. Nc7 Qf6+ 26. Kg2 Rxe3 27. Qxb7+ Kd8 28. Qa8+ Ke7 29. Qxe8# 1-0

[Event "Early-Titled-Tuesday-Blitz-March-19-2024"]
[Site "Chess.com"]
[Date "2024.03.19"]
[Round "1"]
[White "AlexTruskavetsky"]
[Black "visa"]
[Result "1-0"]
[WhiteElo "2676"]
[BlackElo "2338"]
[TimeControl "180+1"]
[EndTime "8:06:49 PDT"]
[Termination "AlexTruskavetsky won on time"]

1. d4 e6 2. c4 b6 3. Nc3 Bb7 4. e4 Bb4 5. Bd3 f5 6. Qe2 Nc6 7. Nf3 fxe4 8. Bxe4 Nf6 9. Bg5 Be7 10. Bd3 O-O 11. O-O Nh5 12. Qe4 g6 13. Bxe7 Qxe7 14. d5 Na5 15. Rab1 Rf4 16. Qe2 Ba6 17. Nd2 Rf7 18.
b4 Nf4 19. Qe3 Qg5 20. g3 Nh3+ 21. Kg2 Rxf2+ 22. Qxf2 Nxf2 23. Rxf2 exd5 24. bxa5 dxc4 25. Be4 Re8 26. axb6 axb6 27. Re1 Rf8 28. Bd5+ Kg7 29. Ref1 Rxf2+ 30. Rxf2 b5 31. Nde4 Qe5 32. Rf7+ Kh6 33. Rxd7 b4 34. Ne2 c3 35. Nc1 c5 36. h4 1-0

[Event "Early-Titled-Tuesday-Blitz-March-19-2024"]
[Site "Chess.com"]
[Date "2024.03.19"]
[Round "1"]
[White "RamyresCoelho"]
[Black "manitodeplomo"]
[Result "0-1"]
[WhiteElo "2300"]
[BlackElo "2655"]
[TimeControl "180+1"]
[EndTime "8:06:50 PDT"]
[Termination "manitodeplomo won by resignation"]

1. e4 c5 2. Nf3 e6 3. d4 cxd4 4. c3 dxc3 5. Nxc3 Nc6 6. Bc4 a6 7. O-O b5 8. Bb3 Na5 9. Bc2 Bb7 10. Qe2 Rc8 11. Rd1 Ne7 12. Nd4 Ng6 13. Be3 Nc4 14.
Bc1 Bc5 15. Nb3 Bb6 16. Kh1 Qf6 17. f3 Nf4 18. Bxf4 Qxf4 19. Qd3 O-O 20. Qxd7 Rc7 21. Ne2 Qg5 22. f4 Qg4 23. Qd3 Ne3 24. Rg1 Nxc2 25. Rac1 Bxg1 26. Nxg1 Nb4 27. Qd2 Rxc1 28. Qxc1 Bxe4 29.
Qd2 Nd5 30. Nd4 Qxf4 31. Qe2 Rc8 32. Ndf3 Rc2 33. Qd1 g5 34. Qd4 Bxf3 35. Qxf4 Nxf4 36. gxf3 Rxb2 0-1

[Event "Early-Titled-Tuesday-Blitz-March-19-2024"]
[Site "Chess.com"]
[Date "2024.03.19"]
[Round "1"]
[White "Aleksandar-Topalov"]
[Black "Titus369"]
[Result "1-0"]
[WhiteElo "2284"]
[BlackElo "2624"]
[TimeControl "180+1"]
[EndTime "8:06:50 PDT"]
[Termination "Aleksandar-Topalov won on time"]

1. b3 e5 2. Bb2 Nc6 3. e3 Bd6 4. Na3 Nf6 5. Nc4 Qe7 6. Nxd6+ cxd6 7. Nf3 d5 8. Be2 d6 9. O-O a6 10. a3 h6 11. Ne1 h5 12. f4 h4 13. Nd3 Bd7 14.
Nb4 Nxb4 15. axb4 Rc8 16. Rc1 Ne4 17. Bf3 g5 18. Bxe4 dxe4 19. fxe5 dxe5 20. Bc3 f5 21. Ra1 Rh6 22. Ra5 b5 23. Qa1 Rcc6 24. Bxe5 Rxc2 25.
Bc3 h3 26. g3 f4 27. Rxa6 1-0

[Event "Early-Titled-Tuesday-Blitz-March-19-2024"]
[Site "Chess.com"]
[Date "2024.03.19"]
[Round "1"]
[White "SuperPower2011"]
[Black "RichardShtivelband"]
[Result "1-0"]
[WhiteElo "2759"]
[BlackElo "2417"]
[TimeControl "180+1"]
[EndTime "8:06:53 PDT"]
[Termination "SuperPower2011 won by resignation"]

1. e4 e5 2. Nf3 Nc6 3. Bc4 Bc5 4. O-O Nf6 5. d4 Bxd4 6. c3 Bb6 7. Bg5 d6 8. Nbd2 h6 9. Bh4 Be6 10. Qb3 Qe7 11. Bxe6 fxe6 12. a4 g5 13. Bg3 Nh5 14.
a5 Nxa5 15. Rxa5 Bxa5 16. Qb5+ c6 17. Qxa5 Nxg3 18. hxg3 h5 19. Nc4 a6 20. Rd1 Rd8 21. Qb6 h4 22. g4 h3 23. gxh3 Rxh3 24. Kg2 Rh7 25. Qe3 Rg7 26. Qd2 d5 27. Ncxe5 dxe4 28.
Qxd8+ Qxd8 29. Rxd8+ Kxd8 30. Nxg5 Ke7 31. Nxe4 Rh7 32.
f4 a5 33. g5 a4 34. g6 Rg7 35. Kg3 Rg8 36. Kg4 Ra8 37. Kg5 a3 38. bxa3 Rxa3 39.
g7 Ra8 40. Nf6 Kd6 41. Kg6 b5 42. Kf7 c5 43. Ne8+ 1-0

[Event "Early-Titled-Tuesday-Blitz-March-19-2024"]
[Site "Chess.com"]
[Date "2024.03.19"]
[Round "1"]
[White "FairChess_on_YouTube"]
[Black "Keeper0416"]
[Result "1-0"]
[WhiteElo "3130"]
[BlackElo "2572"]
[TimeControl "180+1"]
[EndTime "8:06:54 PDT"]
[Termination "FairChess_on_YouTube won by resignation"]

1. Nf3 Nf6 2. c4 e6 3. g3 d5 4. Bg2 c5 5. O-O Nc6 6. b3 Be7 7. Bb2 O-O 8. e3 b6 9. Qe2 Bb7 10. Rd1 Qc7 11. Nc3 Rfd8 12. Rac1 Rac8 13. cxd5 Nxd5 14.
Nxd5 exd5 15. d4 a5 16. h4 h6 17. Bh3 Rb8 18. Qc2 Nb4 19. Qb1 Bc6 20. a3 Na6 21.
Ne5 Be8 22. Bf1 Qa7 23. Qf5 g6 24. Qf4 h5 25. Bd3 Nc7 26. Nxg6 fxg6 27. dxc5 Bxc5 28. Be5 Ne6 29. Qf6 Nf8 30. b4 Be7 31. Qh8+ Kf7 32. Rc7 Qxc7 33. Qg7+ Ke6 34. Bxc7 Bf6 35. Qxf8 Bf7 36.
Bxd8 Rxd8 37. Qh6 axb4 38. axb4 1-0

[Event "Early-Titled-Tuesday-Blitz-March-19-2024"]
[Site "Chess.com"]
[Date "2024.03.19"]
[Round "1"]
[White "JosefineHeinemann"]
[Black "kenta1234"]
[Result "0-1"]
[WhiteElo "2450"]
[BlackElo "2824"]
[TimeControl "180+1"]
[EndTime "8:06:55 PDT"]
[Termination "kenta1234 won on time"]

1. e4 c5 2. Nf3 Nc6 3. Bb5 e6 4. O-O Nge7 5. d4 cxd4 6. Nxd4 a6 7. Bxc6 Nxc6 8. Be3 Be7 9. c3 O-O 10. Nd2 d5 11.
exd5 Qxd5 12. N2f3 Rd8 13. Nxc6 Qxc6 14. Qc2 b5 15. Rad1 Bb7 16. Rxd8+ Rxd8 17. Rd1 Rxd1+ 18. Qxd1 Qd5 19. Qxd5 Bxd5 20. a3 f6 21. Ne1 Be4 22.
f3 Bg6 23. Kf2 e5 24. Ke2 Bf7 25. Nc2 Bc4+ 26. Kf2 a5 27. Bb6 a4 28. Nb4 Kf7 29. Be3 Ke6 30. h4 f5 31. g3 f4 32. gxf4 Bxh4+ 33. Kg2 exf4 34. Bxf4 Bf6 35. Be3 g5 36. Nc6 h5 37.
Nd4+ Kf7 38. Kh3 Kg6 39. Kg3 Bd3 40. Kf2 h4 41. Kg2 Kh5 42. Bd2 g4 43. fxg4+ Kxg4 44. Be3 h3+ 45. Kg1 Be5 46. Nc6 h2+ 0-1

[Event "Early-Titled-Tuesday-Blitz-March-19-2024"]
[Site "Chess.com"]
[Date "2024.03.19"]
[Round "1"]
[White "JimDiGrease"]
[Black "ImportedItalianMaple"]
[Result "1-0"]
[WhiteElo "3004"]
[BlackElo "2548"]
[TimeControl "180+1"]
[EndTime "8:06:56 PDT"]
[Termination "JimDiGrease won by resignation"]

1. d4 g6 2. c4 Bg7 3. e4 c6 4.
Nc3 d5 5. e5 h5 6. Qb3 e6 7. Nf3 Nh6 8. Bg5 f6 9. exf6 Bxf6 10.
Bxf6 Qxf6 11. Bd3 Nf5 12. Qc2 Na6 13. Bxf5 gxf5 14. O-O Bd7 15. Ne5 O-O-O 16. b4 dxc4 17. Na4 c5 18. Nxc5 Nxc5 19. Qxc4 Kb8 20. bxc5 Rhg8 21.
Rab1 Rg7 22. c6 Bc8 23. cxb7 Bxb7 24. Nc6+ Ka8 25. Rxb7 Rxb7 26. Nxd8 Qxd8 27. Qxe6 Qxd4 28. Qc8+ Rb8 29. Qxf5 h4 30. Re1 a6 31. h3 Rb7 32.
Re4 Qa1+ 33. Kh2 Qxa2 34. Re8+ Ka7 35. Qc5+ 1-0

[Event "Early-Titled-Tuesday-Blitz-March-19-2024"]
[Site "Chess.com"]
[Date "2024.03.19"]
[Round "1"]
[White "biostatistician"]
[Black "JRenatoMaranhao"]
[Result "1-0"]
[WhiteElo "2586"]
[BlackElo "2014"]
[TimeControl "180+1"]
[EndTime "8:06:57 PDT"]
[Termination "biostatistician won on time"]

1. d4 d5 2. Nf3 Nf6 3. c4 e6 4.
Nc3 Be7 5. Bg5 b6 6. e3 Nbd7 7. cxd5 exd5 8. Bb5 O-O 9. Bc6 Ba6 10. Qa4 Bc4 11.
b3 Bd3 12. Rd1 Be4 13. Bxa8 Bxf3 14. gxf3 Qxa8 15. O-O c6 16. b4 b5 17. Qb3 Nb6 18.
Kh1 Nc4 19. Rg1 Qc8 20. Rg3 Qf5 21. Qb1 Qxb1 22. Rxb1 Re8 23. a4 a6 24. Bxf6 Bxf6 25. f4 Bh4 26. Rg2 g6 27. axb5 axb5 28. Ra1 Nd2 29. Ra6 Be7 30. Rxc6 Bxb4 31. Nxd5 Ba5 32. Nf6+ Kf8 33. Nxe8 Kxe8 34. Rc5 Bb4 35. Rxb5 Bc3 36. Rgg5 Ne4 37. Rge5+ Kd7 38. Rxe4 Be1 39. Kg2 f5 40. Ree5 Kc6 41. Rec5+ Kd6 42. Rb6+ 1-0

[Event "Early-Titled-Tuesday-Blitz-March-19-2024"]
[Site "Chess.com"]
[Date "2024.03.19"]
[Round "1"]
[White "Golubovsky"]
[Black "platy3"]
[Result "0-1"]
[WhiteElo "2531"]
[BlackElo "2955"]
[TimeControl "180+1"]
[EndTime "8:06:58 PDT"]
[Termination "platy3 won on time"]

1. c4 e5 2. Nc3 Nf6 3. Nf3 Nc6 4.
e4 Bb4 5. d3 d6 6. a3 Bxc3+ 7.
bxc3 h6 8. g3 Rb8 9. Bg2 b5 10.
cxb5 Rxb5 11. O-O O-O 12. Nh4 Be6 13. Qa4 Qb8 14. c4 Ra5 15. Qc2 Nd4 16. Qd1 Qb3 17.
Qd2 Ra6 18. Bb2 Nd7 19. Bxd4 exd4 20. Rfb1 Rxa3 21. f4 Rxa1 22. Rxa1 Nc5 23. Bf1 Qc3 24. Qxc3 dxc3 25. Ra3 c2 26. Rc3 Rb8 27. Rxc2 Rb1 28.
Kf2 a5 29. e5 a4 30. d4 Nb3 31. Ra2 Bd7 0-1

[Event "Early-Titled-Tuesday-Blitz-March-19-2024"]
[Site "Chess.com"]
[Date "2024.03.19"]
[Round "1"]
[White "Happy1712Drummer"]
[Black "Lukianoo"]
[Result "0-1"]
[WhiteElo "2454"]
[BlackElo "2824"]
[TimeControl "180+1"]
[EndTime "8:06:59 PDT"]
[Termination "Lukianoo won on time"]

1. e4 c6 2. d4 d5 3. Nc3 g6 4. h3 Bg7 5. Nf3 Nh6 6. Bf4 f6 7.
Be2 Nf7 8. O-O e5 9. Bg3 dxe4 10. Nxe4 f5 11. Bh4 Qc7 12. Nf6+ Bxf6 13. Bxf6 e4 14. Bxh8 exf3 15. Bc4 Nxh8 16. Re1+ Kf8 17. Qxf3 Nd7 18.
Qa3+ c5 19. Rad1 Nf7 20. Qe3 Nf6 21. dxc5 Ne4 22. Qd4 Qe5 23. Qd3 Qxc5 24. Re3 Nfd6 25. Bd5 Bd7 26. f3 Bb5 27. c4 Bxc4 28. Bxc4 Nxc4 0-1

[Event "Early-Titled-Tuesday-Blitz-March-19-2024"]
[Site "Chess.com"]
[Date "2024.03.19"]
[Round "1"]
[White "Felix-Rose"]
[Black "SirStrateg"]
[Result "0-1"]
[WhiteElo "2265"]
[BlackElo "2639"]
[TimeControl "180+1"]
[EndTime "8:06:59 PDT"]
[Termination "SirStrateg won by resignation"]

1. e4 d6 2. d4 Nf6 3. Nc3 c6 4. f4 Qa5 5. Bd3 e5 6. Nf3 exd4 7. Nxd4 g6 8. Qe2 Bg7 9. O-O Qb6 10. Be3 Ng4 11. Nf5 Nxe3 12. Nxe3 Qxb2 13. Na4 Qd4 14. c4 O-O 15. Rad1 Bg4 16. Qxg4 Qxe3+ 17. Kh1 h5 18.
Qg5 Nd7 19. Qe7 Nc5 20. Rf3 Qd4 21. Nxc5 Qxc5 22. Qxb7 Rab8 23. Qe7 Rfe8 24. Qd7 Red8 25. Qe7 Re8 26. Qd7 Rbd8 27. Qb7 Bd4 28. f5 g5 29. Rg3 Bf6 30. Rh3 h4 31. Be2 Rxe4 32.
Bh5 Re7 33. Qb1 Rde8 34. Rhd3 Qf2 35. Rxd6 Re1+ 0-1

[Event "Early-Titled-Tuesday-Blitz-March-19-2024"]
[Site "Chess.com"]
[Date "2024.03.19"]
[Round "1"]
[White "Shuvalov"]
[Black "mitrabhaa"]
[Result "0-1"]
[WhiteElo "2566"]
[BlackElo "3075"]
[TimeControl "180+1"]
[EndTime "8:07:00 PDT"]
[Termination "mitrabhaa won by resignation"]

1. d4 Nf6 2. c4 e6 3. Nf3 b6 4. g3 Ba6 5. b3 Bb7 6. Bg2 Bb4+ 7. Bd2 a5 8. O-O O-O 9. a3 Bxd2 10. Nbxd2 d6 11.
Qc2 Nbd7 12. e4 Qe7 13. Rfe1 e5 14. Rad1 exd4 15. Nxd4 Nc5 16. b4 axb4 17. axb4 Na6 18. e5 Bxg2 19. exf6 Qxf6 20. Kxg2 Qxd4 21. Ne4 Qe5 22.
Nxd6 Qh5 23. Nf5 Nxb4 24. Ne7+ Kh8 25. Qb2 c5 26. Rd6 Rad8 27. Qd2 Ra8 28. Qf4 f6 29. Nd5 Nd3 30. Qe4 Nxe1+ 31. Qxe1 Rae8 32. Qd2 Qe5 33. Nxb6 Qe4+ 34. Kh3 Re5 35. Rd5 Rfe8 36.
Nd7 Rxd5 37. cxd5 Qf5+ 38. Kg2 Qxd7 39. f3 Rd8 40. Qe3 Qxd5 0-1

[Event "Early-Titled-Tuesday-Blitz-March-19-2024"]
[Site "Chess.com"]
[Date "2024.03.19"]
[Round "1"]
[White "jeetjain"]
[Black "Zohid6"]
[Result "0-1"]
[WhiteElo "2502"]
[BlackElo "2887"]
[TimeControl "180+1"]
[EndTime "8:07:00 PDT"]
[Termination "Zohid6 won by resignation"]

1. Nf3 Nf6 2. c4 e6 3. Nc3 d5 4. e3 c5 5. cxd5 exd5 6. d4 Nc6 7. Bb5 cxd4 8. Nxd4 Bd7 9. O-O Bd6 10. Nf3 a6 11. Be2 Be6 12. b3 O-O 13. Bb2 Rc8 14. h3 Qa5 15. Nd4 Bd7 16. Bf3 Rfe8 17. Nce2 Ne5 18.
Nf4 h6 19. Be2 Ne4 20. Nf3 Nxf3+ 21. Bxf3 Nd2 22. Re1 Bxf4 23. exf4 Nxf3+ 24. gxf3 Bxh3 25. Rxe8+ Rxe8 26. Qd4 f6 27. Bc3 Qb5 28. Rd1 Be6 29. Re1 Bf7 30. Rxe8+ Qxe8 31. Qb6 Qc8 32. Bd4 Qc1+ 33.
Kg2 Qxf4 34. Be3 Qb8 35. a4 Qc8 36. a5 Bh5 37. Qd4 Qf5 38. Qf4 Qxf4 39. Bxf4 d4 40.
Bd2 Kf7 41. Kg3 Ke6 42. Kf4 Kd5 43. Kf5 Bxf3 0-1

[Event "Early-Titled-Tuesday-Blitz-March-19-2024"]
[Site "Chess.com"]
[Date "2024.03.19"]
[Round "1"]
[White "bascheyaro"]
[Black "Manukyan_Artak"]
[Result "0-1"]
[WhiteElo "2779"]
[BlackElo "2448"]
[TimeControl "180+1"]
[EndTime "8:07:01 PDT"]
[Termination "Manukyan_Artak won by resignation"]

1. d4 d5 2. Nf3 Nf6 3. c4 dxc4 4. Nc3 Bf5 5. Bf4 e6 6. e3 c5 7. Bxc4 a6 8. dxc5 Bxc5 9. Qxd8+ Kxd8 10. O-O-O+ Ke7 11.
Na4 Ba7 12. Bd6+ Ke8 13. Nc5 Bxc5 14. Bxc5 Nbd7 15. b4 Nxc5 16. bxc5 Rc8 17. Bb3 Rxc5+ 18. Kb2 Ne4 19. Rc1 Nxf2 20. Rxc5 Nd3+ 21. Ka3 Nxc5 22. Rc1 b6 23. Nd4 Ke7 24. Rf1 Be4 25. g3 Nxb3 26.
axb3 e5 27. Ne2 Bd3 28. Rf2 Bxe2 29. Rxe2 Rc8 30. Kb2 f5 31. e4 f4 32. gxf4 exf4 33. h4 Ke6 34. Rg2 g6 35. h5 gxh5 36. Rg5 Rf8 37. Rxh5 f3 38. Rh1 f2 39. Rf1 Ke5 40. Kc3 Kxe4 41. Kd2 Kf3 42. b4 Rd8+ 43.
Kc3 Ke2 44. Rh1 f1=Q 0-1

[Event "Early-Titled-Tuesday-Blitz-March-19-2024"]
[Site "Chess.com"]
[Date "2024.03.19"]
[Round "1"]
[White "DanielTitichoca"]
[Black "bangchess21"]
[Result "0-1"]
[WhiteElo "2470"]
[BlackElo "2838"]
[TimeControl "180+1"]
[EndTime "8:07:02 PDT"]
[Termination "bangchess21 won by checkmate"]

1. e4 c5 2. Nf3 g6 3. d4 cxd4 4. Nxd4 Nc6 5. c4 Nf6 6. Nc3 Bg7 7. Be3 d6 8. Be2 O-O 9. O-O Nxd4 10. Bxd4 Bd7 11. b4 a5 12. a3 Be6 13. Rb1 axb4 14. axb4 Nd7 15. Nb5 Ne5 16. f4 Nc6 17. Be3 f5 18.
Bd3 fxe4 19. Bxe4 Bxc4 20. Bd5+ Bxd5 21. Qxd5+ Kh8 22. h4 Rf5 23. Qd3 Qd7 24. Nc3 Ra3 25. Rfc1 Rf8 26. Qd2 Rc8 27. Nd5 Rf8 28. b5 Nd8 29.
Rc7 Qf5 30. Rbc1 e6 31. Ne7 Qe4 32. Bf2 Rd3 33. Qe1 Qxf4 34. R1c4 Qxf2+ 35. Qxf2 Rd1+ 36. Kh2 Rxf2 37. Rd7 Be5+ 38. Kh3 Rd3+ 39. Kg4 Rg3# 0-1

[Event "Early-Titled-Tuesday-Blitz-March-19-2024"]
[Site "Chess.com"]
[Date "2024.03.19"]
[Round "1"]
[White "campochess"]
[Black "ajedrezsinlimites"]
[Result "0-1"]
[WhiteElo "2175"]
[BlackElo "2609"]
[TimeControl "180+1"]
[EndTime "8:07:02 PDT"]
[Termination "ajedrezsinlimites won by resignation"]

1. e4 c6 2. d4 d5 3. exd5 cxd5 4. c4 Nf6 5. Nc3 Nc6 6. cxd5 Nxd5 7. Nf3 e6 8. Bb5 Be7 9. O-O O-O 10. Ne5 Nxe5 11. dxe5 Nxc3 12. bxc3 Qc7 13. Qe2 Qxc3 14. Bb2 Qb4 15.
Rab1 Qh4 16. Rfc1 a6 17. Bd3 b5 18. Be4 Rb8 19. Rc7 Bd8 20. Rc3 g6 21. Rh3 Qg5 22. Rg3 Qe7 23. Bd4 Bb6 24. Bxb6 Rxb6 25. Qe3 Rb8 26.
Qh6 f5 27. exf6 Rxf6 28. h4 Qf8 29. Qe3 Bb7 30. Bxb7 Rxb7 31. h5 Rbf7 32. f3 Qd6 33. Rg4 e5 34. Re4 Rf5 35. hxg6 hxg6 36. Re1 Rc7 37. Rxe5 Rxe5 38. Qxe5 Qxe5 39. Rxe5 Rc2 40. Re6 Rxa2 41. Rxg6+ Kf7 42. Rb6 Ke7 43. Kh2 Kd7 44. Kh3 Kc7 45. Rf6 b4 46. Rf4 a5 47. Rc4+ Kd6 48. Rc1 b3 49. Rd1+ Ke6 50. Re1+ Kf6 51. g4 b2 52. Rb1 a4 53. f4 a3 54. Kh4 Ra1 0-1

[Event "Early-Titled-Tuesday-Blitz-March-19-2024"]
[Site "Chess.com"]
[Date "2024.03.19"]
[Round "1"]
[White "Jospem"]
[Black "Predator0608"]
[Result "1-0"]
[WhiteElo "3051"]
[BlackElo "2562"]
[TimeControl "180+1"]
[EndTime "8:07:03 PDT"]
[Termination "Jospem won by resignation"]

1. e4 e5 2. Nf3 Nc6 3. Nc3 Bc5 4. Bb5 Nd4 5. Bc4 d6 6. h3 Nf6 7. d3 Be6 8. Bxe6 fxe6 9. Nxd4 Bxd4 10. O-O Qe7 11.
Ne2 Bb6 12. a4 a5 13. Ng3 O-O 14. c3 Nd7 15. d4 g6 16. Be3 exd4 17. cxd4 e5 18. Rc1 exd4 19. Bxd4 Bxd4 20. Qxd4 Nc5 21. e5 b6 22. exd6 Qxd6 23. Qxd6 cxd6 24. Rc4 Kf7 25. Ne2 Rfe8 26. Nc3 Re5 27. Rd1 Ke6 28. f4 Rh5 29. Rcd4 Rd8 30. Nd5 Rb8 31. Kh2 Rf5 32. Re1+ Kf7 33.
Re7+ Kg8 34. Ra7 Rf7 35. Re7 Rxe7 36. Nxe7+ Kf7 37. Nd5 Ke6 38. Nc7+ Kd7 39. Nb5 Nb7 40. g4 Rc8 41. Nc3 Rc5 42. Kg3 Ke7 43. Nd5+ Ke6 44.
Nxb6 Rc2 45. Re4+ Kf7 46. Nd5 Rd2 47. Re7+ Kg8 48. Nf6+ Kf8 49. Rxb7 1-0

[Event "Early-Titled-Tuesday-Blitz-March-19-2024"]
[Site "Chess.com"]
[Date "2024.03.19"]
[Round "1"]
[White "ozen_metehan"]
[Black "Legendinunknown"]
[Result "1/2-1/2"]
[WhiteElo "2476"]
[BlackElo "2826"]
[TimeControl "180+1"]
[EndTime "8:07:03 PDT"]
[Termination "Game drawn by repetition"]

1. e4 e6 2. d4 d6 3. Nc3 g6 4. h4 h5 5. Bg5 Be7 6. Qd2 b6 7. O-O-O Bb7 8. f3 Nd7 9. Nh3 Bxg5 10. Nxg5 a6 11. a3 Qe7 12. Bc4 b5 13. Bb3 Nb6 14.
Qe2 O-O-O 15. Kb1 Nh6 16. Rhe1 Kb8 17. g3 c5 18. dxc5 dxc5 19. Nxb5 axb5 20. Qxb5 Qc7 21. e5 Nf5 22. Nxf7 Qxf7 23. Qxb6 Nd4 24. c3 Nxb3 25. Rxd8+ Rxd8 26. Qxd8+ Ka7 27. f4 Bd5 28. Qf6 Qh7 29.
Rd1 Qb7 30. Qd8 Bf3 31. Rd7 Be4+ 32. Ka2 Nc1+ 33. Ka1 Nb3+ 34. Ka2 Nc1+ 35. Ka1 Nb3+ 36. Ka2 1/2-1/2

[Event "Early-Titled-Tuesday-Blitz-March-19-2024"]
[Site "Chess.com"]
[Date "2024.03.19"]
[Round "1"]
[White "atalz0"]
[Black "AlexPapasimakopoulos"]
[Result "0-1"]
[WhiteElo "2375"]
[BlackElo "2722"]
[TimeControl "180+1"]
[EndTime "8:07:03 PDT"]
[Termination "AlexPapasimakopoulos won by resignation"]

1. d4 e6 2. c4 d5 3. Nc3 a6 4. cxd5 exd5 5. Nf3 c6 6. Bf4 Bd6 7. Bxd6 Qxd6 8. e4 dxe4 9. Nxe4 Qb4+ 10. Qd2 Qxd2+ 11.
Kxd2 Nd7 12. Bc4 Nh6 13. Rhe1 O-O 14. Bb3 a5 15. a4 Nb6 16. Nd6 Nf5 17. Nxf7 Nd5 18.
N7g5 h6 19. Bxd5+ cxd5 20. Ne6 Bxe6 21. Rxe6 Rac8 22. b3 g5 23. h3 Rc6 24. Rxc6 bxc6 25. Rc1 Rb8 26. Kc3 Nd6 27. Nd2 Kf7 28. Re1 Kf6 29. f3 Nf5 30. Nf1 Rc8 31. Ne3 h5 32.
Nxf5 Kxf5 33. Re5+ Kf4 34. Kd3 Rb8 35. Kc3 Rg8 36.
Re6 Kg3 37. Rxc6 Kxg2 38. Rh6 h4 39. b4 Kxh3 40. bxa5 Kg3 41. a6 h3 42. Kb4 h2 43.
Kb5 Kg2 44. a7 h1=Q 45. Rxh1 Kxh1 46. Kb6 Kg2 47. Kb7 Kxf3 48. a8=Q Rxa8 49. Kxa8 g4 50. a5 g3 51. a6 g2 52. a7 g1=Q 53. Kb7 Qb1+ 54.
Ka8 Qa1 55. Kb7 Qb2+ 56. Ka8 Qxd4 57. Kb7 Qxa7+ 0-1